 Dungeon Crawl Stone Soup version 0.31.0-32-g396128a36d (webtiles) character file.

Game seed: 785260631928371745

2790 nshep25 the Grappler (level 9, -8/62 HPs)
             Began as a Demonspawn Shapeshifter on Mar 16, 2024.
             Was an Initiate of Wu Jian.
             Mangled by a yak (13 damage)
             ... on level 7 of the Dungeon.
             The game lasted 00:23:41 (6168 turns).

nshep25 the Grappler (Demonspawn Shapeshifter)      Turns: 6168, Time: 00:23:42

Health: -8/62      AC:  6    Str: 17    XL:     9   Next: 43%
Magic:  9/9        EV: 13    Int: 11    God:    Wu Jian [......]
Gold:   237        SH:  0    Dex: 14    Spells: 8/8 levels left

rFire   . .          .
                       - Unarmed
rCold   . . .        (no shield)
rNeg    . . .        C - +2 robe {Will+}
rPois   .            y - melded +2 helmet {Int+3}
rElec   .            t - melded +0 cloak
rCorr   +            (gloves currently unavailable)
SInv    .            F - melded +1 pair of boots
Will    +....        e - amulet of the acrobat
Stlth   ++           g - ring of resist corrosion
HPRegen 0.30/turn    (no ring)
MPRegen 0.11/turn

%: acrobat
@: beast-form
A: beast (slay +3), claws 2, icy blue scales 1, ignite blood 1, powered by death
2
a: Begin Untransformation, Renounce Religion


You were on level 7 of the Dungeon.
You worshipped Wu Jian.
Wu Jian was noncommittal.
You were a hulking beast.
You visited 2 branches of the dungeon, and saw 8 of its levels.

You collected 394 gold pieces.
You spent 157 gold pieces at shops.

Inventory:

Missiles
 f - 29 stones (quivered)
 l - 4 boomerangs
 x - 15 poisoned darts
Armour
 t - a +0 cloak (melded)
 y - a +2 helmet of intelligence (melded)
 C - a +2 robe of willpower (worn)
 F - a +1 pair of boots (melded)
Jewellery
 e - an amulet of the acrobat (around neck)
 g - a ring of resist corrosion (left claw)
 n - an amulet of reflection
 H - an amulet of regeneration
Talismans
 c - a beast talisman (active)
 d - a flux talisman
Wands
 s - a wand of light (10)
 B - a wand of mindburst (16)
Scrolls
 m - a scroll of revelation
 p - 4 scrolls of teleportation
 v - 3 scrolls of enchant armour
Potions
 a - a potion of berserk rage
 b - a potion of lignification
 h - 2 potions of enlightenment
 i - a potion of degeneration {unknown}
 j - a potion of invisibility {unknown}
 k - a potion of haste {unknown}
 o - 4 potions of curing
 q - a potion of attraction {unknown}
 r - 3 potions of heal wounds
 u - a potion of might {unknown}
 w - a potion of brilliance {unknown}
 z - a potion of ambrosia {unknown}
 A - a potion of mutation {unknown}
 G - a potion of resistance {unknown}


   Skills:
 + Level 2.6 Fighting
 + Level 3.5 Throwing
 + Level 3.0 Armour
 + Level 4.3 Dodging
 + Level 2.7 Stealth
 + Level 8.3 Unarmed Combat
 * Level 5.3 Shapeshifting


You had 8 spell levels left.
You didn't know any spells.
Your spell library contained the following spells:

 Spells                   Type           Power      Damage    Failure   Level
 Summon Small Mammal      Summ           0%         N/A       34%         1
 Call Canine Familiar     Summ           0%         N/A       71%         3
 Frozen Ramparts          Ice            0%         1d1       71%         3
 Leda's Liquefaction      Alch/Erth      0%         N/A       98%         4
 Petrify                  Alch/Erth      0%         N/A       98%         4
 Summon Blazeheart Golem  Fire/Summ      0%         N/A       98%         4
 Metabolic Englaciation   Hex/Ice        0%         N/A       100%        5


Dungeon Overview and Level Annotations

Branches:
Dungeon (7/15)             Temple (1/1) D:6

Altars:
Ashenzari
Dithmenos
Fedhas
Kikubaaqudgha
Nemelex Xobeh
Okawaru
Qazlal
Ru
Sif Muna
Trog
Vehumet
Wu Jian
Xom

Shops:
D:7 [


Innate Abilities, Weirdness & Mutations

You are a hulking beast.
Your limbs bulge with bestial killing power. (Slay +3)
You have very sharp fingernails.
You are partially covered in icy blue scales. (AC +2)
Your demonic aura sometimes causes spilled blood to erupt in flames.
You regenerate health from kills.


Message History

The centaur is moderately wounded.
The centaur unwields a +0 orcbow.
The centaur hits you but does no damage.
The centaur kicks you but does no damage.
You scratch the centaur but do no damage.
The centaur is moderately wounded.
The centaur hits you but does no damage.
The centaur closely misses you. x2
The centaur kicks you but does no damage.
You barely miss the centaur.
The centaur is moderately wounded.
The centaur hits you but does no damage.
The centaur barely misses you.
You claw the centaur!
The centaur is severely wounded.
The ice beast closely misses you. The centaur hits you.
The centaur barely misses you.
You scratch the centaur but do no damage.
The centaur is severely wounded.
The centaur closely misses you. The centaur kicks you.
The ice beast barely misses you.
You barely miss the centaur. You claw the centaur.
You kill the centaur!
The Council accepts your kill. The lava snake spits lava at you.
The glob of lava hits you! The ice beast hits you. The ice beast freezes you!
You closely miss the ice beast. Your claw misses the ice beast.
The ice beast hits you. The ice beast freezes you!
* * * LOW HITPOINT WARNING * * *
You barely miss the ice beast. The ice beast barely misses you.
The yak barely misses you.
You barely miss the ice beast. You scratch the ice beast.
The ice beast is moderately wounded.
The ice beast hits you.
* * * LOW HITPOINT WARNING * * *
The ice beast freezes you!
* * * LOW HITPOINT WARNING * * *
The yak gores you!
You die...

##§§......^.
##≈§....§§§§§
#≈≈....≈§§§§≈
#.....#≈....§######
#.....#≈....≈######≈
#.....#≈....§######≈.
#.....#≈..Y)§######≈.
#.....#S...h≈######≈Y..
#....[#≈...Y≈######≈...
#.....#≈≈....§≈≈≈§≈.§..
#.....##≈§...........§≈
###..####≈≈........§§≈§
#.## ##≈≈.......§≈§#
### ####.#
###≈≈.....§≈≈#
#...#....##
#.##≈≈≈.†§§§##
......<...##
#..####''####


You could see a yak, an ice beast and a lava snake (catching breath).

Vanquished Creatures
  Pikel (D:4)
  Grinder (D:3)
  Sigmund (D:3)
  A yak (D:7)
  Menkaure (D:5)
  A water moccasin (D:5)
  Pargi (D:3)
  2 ogres (D:6)
  3 centaurs
  A phantom (D:6)
  A lemure (D:4)
  3 scorpions
  A howler monkey (D:6)
  2 jellies
  3 orc priests
  2 hounds
  A sleepcap (D:5)
  Crazy Yiuf (D:2)
  7 iguanas
  2 orc wizards (D:6)
  Robin (D:4)
  8 gnolls
  6 adders
  A shadow imp (D:6)
  A white imp (D:7)
  2 ufetubi (D:6)
  2 dart slugs
  4 ribbon worms
  13 orcs
  A bat (D:3)
  12 endoplasms
  4 giant cockroaches
  13 goblins
  12 hobgoblins
  5 jackals
  2 quokkas
  3 ball pythons
  3 frilled lizards
  11 kobolds
  14 rats
154 creatures vanquished.

Notes
Turn   | Place    | Note
-------+----------+-------------------------------------------
     0 | D:1      | nshep25 the Demonspawn Shapeshifter began the quest for the
                  | Orb.
     0 | D:1      | Reached XP level 1. HP: 15/15 MP: 1/1
     2 | D:1      | Found a runed translucent door.
    86 | D:1      | Gained mutation: Your demonic aura sometimes causes spilled
                  | blood to erupt in flames. [demonic ancestry]
    86 | D:1      | Reached XP level 2. HP: 19/21 MP: 2/2
   451 | D:1      | Reached skill level 3 in Unarmed Combat
   727 | D:1      | Gained mutation: You are partially covered in icy blue
                  | scales. (AC +2) [demonic ancestry]
   727 | D:1      | Reached XP level 3. HP: 17/26 MP: 3/3
   890 | D:2      | Identified the +3 mace "Udyatid" {drain, ^Drain Fly Int+4
                  | Dex+5}
  1002 | D:2      | Gained mutation: You have sharp fingernails. [demonic
                  | ancestry]
  1002 | D:2      | Reached XP level 4. HP: 31/32 MP: 4/4
  1875 | D:2      | Found a runed translucent door.
  1876 | D:2      | Noticed Crazy Yiuf
  1881 | D:2      | Killed Crazy Yiuf
  1882 | D:2      | Reached skill level 4 in Unarmed Combat
  2171 | D:3      | Noticed Pargi
  2177 | D:3      | Killed Pargi
  2178 | D:3      | Reached skill level 1 in Armour
  2178 | D:3      | Reached XP level 5. HP: 37/37 MP: 5/5
  2509 | D:3      | Reached XP level 6. HP: 40/43 MP: 6/6
  2592 | D:3      | Noticed Sigmund
  2601 | D:3      | Killed Sigmund
  2602 | D:3      | Reached skill level 5 in Unarmed Combat
  2724 | D:3      | Found a faded altar of an unknown god.
  2917 | D:3      | Noticed Grinder
  2918 | D:3      | Paralysed by Grinder for 4 turns
  2928 | D:3      | Paralysed by Grinder for 2 turns
  2937 | D:3      | HP: 1/43 [Grinder (5)]
  2939 | D:3      | Killed Grinder
  2940 | D:3      | Reached skill level 1 in Throwing
  2940 | D:3      | Gained mutation: You regenerate a little health from kills.
                  | [demonic ancestry]
  2940 | D:3      | Reached XP level 7. HP: 2/48 MP: 7/7
  3571 | D:4      | Noticed Pikel
  3838 | D:4      | Reached skill level 6 in Unarmed Combat
  3840 | D:4      | Found an iron altar of Okawaru.
  3970 | D:4      | Killed Pikel
  3971 | D:4      | Reached skill level 1 in Stealth
  3971 | D:4      | Reached skill level 7 in Unarmed Combat
  3971 | D:4      | Gained mutation: You regenerate health from kills. [demonic
                  | ancestry]
  3971 | D:4      | Reached XP level 8. HP: 51/56 MP: 8/8
  4076 | D:4      | Noticed Robin
  4137 | D:4      | Killed Robin
  4457 | D:5      | Entered Level 5 of the Dungeon
  4603 | D:5      | Noticed Menkaure
  4631 | D:5      | Killed Menkaure
  5136 | D:6      | Gained mutation: You have very sharp fingernails. [demonic
                  | ancestry]
  5136 | D:6      | Reached XP level 9. HP: 58/61 MP: 9/9
  5375 | D:6      | Reached skill level 8 in Unarmed Combat
  5434 | D:6      | Found a staircase to the Ecumenical Temple.
  5496 | Temple   | Entered the Ecumenical Temple
  5523 | Temple   | Became a worshipper of the Wu Jian Council
  5611 | D:6      | Reached skill level 5 in Shapeshifting
  6042 | D:7      | Found Naown's Antique Armour Shoppe.
  6050 | D:7      | Bought a shiny helmet for 157 gold pieces
  6168 | D:7      | Mangled by a yak

Illustrated notes

Levels and vault maps discovered:
D:1:      dpeg_arrival_caged_fury, layout_basic
D:2:      layout_basic, uniq_crazy_yiuf_cottage
D:3:      layout_basic, nicolae_ecumenical_oubliette, hex_intersection,
          minmay_misc_feat_secret_circle, grunt_decor_junction, uniq_grinder,
          uniq_pargi, uniq_sigmund
D:4:      layout_gridville, okawaru_altar_gauntlet_db, st_stairs_11,
          minmay_surrounded, uniq_pikel, uniq_robin
D:5:      minmay_skewed_foursquare, layout_rooms, serial_bayou_crossing,
          uniq_menkaure
D:6:      layout_loops_ring, minmay_temple_entry_tees, dk_noncrumbling_4,
          minivault_26
D:7:      layout_rooms, mainiacjoe_overflow_chevrons,
          chequers_temple_overflow_minitemple, serial_bayou,
          serial_bayou_shore_a, serial_bayou_lake_a, serial_bayou_shore_b,
          serial_bayou_ford_a, serial_shops, nicolae_shop_peninsula,
          kennysheep_big_empty_room, fountainhead, kennysheep_generic_room_8
Temple:   zaba_magenta_temple

Skill      XL: |  1  2  3  4  5  6  7  8  9 |
---------------+----------------------------+-----
Dodging        | 2 3 4 |  4.3
Shapeshifting  | 3 4 5 |  5.3
Unarmed Combat | 3 4 5 7 8 |  8.3
Armour         | 1 2 3 |  3.0
Throwing       | 1 2 3 |  3.5
Fighting       | 2 |  2.6
Stealth        | 1 2 |  2.7

Action                     |  1- 3 |  4- 6 |  7- 9 || total
---------------------------+-------+-------+-------++-------
  Melee: Unarmed           |   132 |    88 |   262 ||   482
         Punch             |     3 |       |    10 ||    13
  Throw: Boomerang         |       |    11 |       ||    11
         Stone             |       |     5 |    52 ||    57
Ability: Lunge             |       |       |     4 ||     4
    Use: Scroll            |       |       |    13 ||    13
   Stab: Sleeping          |     2 |       |     1 ||     3
         Distracted        |     1 |       |       ||     1
 Armour: Animal skin       |    15 |       |       ||    15
         Leather armour    |    27 |    43 |    29 ||    99
         Robe              |       |       |   124 ||   124
  Dodge: Dodged            |    63 |    45 |   162 ||   270
   Form: Beast             |     1 |     1 |     2 ||     4
                           |       |     1 |     2 ||     3
